 Dungeon Crawl Stone Soup version 0.29-a0-330-g52719c12eb (webtiles) character file.

Game seed: 14613312681765863656

301 Anon1729 the Skirmisher (level 6, -3/56 HPs)
             Began as a Minotaur Monk on Apr 29, 2022.
             Was a Priest of Elyvilon.
             Slain by a phantom (4 damage)
             ... in the Ecumenical Temple.
             The game lasted 00:03:08 (2685 turns).

Anon1729 the Skirmisher (Minotaur Monk)             Turns: 2685, Time: 00:03:08

Health: -3/56      AC:  6    Str: 17    XL:     6   Next: 14%
Magic:  5/6        EV: 10    Int:  7    God:    Elyvilon [***...]
Gold:   179        SH:  0    Dex: 13    Spells: 5/5 levels left

rFire   . . .      SeeInvis .   a - +0 spear
rCold   . . .      Faith    .   (no shield)
rNeg    . . .      Spirit   .   e - +0 scale mail
rPois   .          Reflect  .   (helmet restricted)
rElec   .          Harm     .   (no cloak)
rCorr   .          Rampage  .   (no gloves)
Will    .....                   (no boots)
Stlth   +.........              (no amulet)
HPRegen 0.18/turn               (no ring)
MPRegen 0.10/turn               (no ring)

@: no status effects
A: horns 2, retaliatory headbutt
a: Renounce Religion, Purification, Heal Other, Heal Self


You were in the Ecumenical Temple.
You worshipped Elyvilon.
Elyvilon was most pleased with you.
You visited 2 branches of the dungeon, and saw 5 of its levels.

You collected 179 gold pieces.

Inventory:

Hand Weapons
 a - a +0 spear (weapon)
Missiles
 i - a throwing net (quivered)
Armour
 b - a +0 robe
 e - a +0 scale mail (worn)
Scrolls
 d - 6 scrolls of identify {unknown}
 f - a scroll of vulnerability {unknown}
 g - a scroll of amnesia {unknown}
 l - a scroll of immolation {unknown}
 m - 2 scrolls of fog {unknown}
 n - a scroll of enchant weapon {unknown}
Potions
 c - a potion of lignification {unknown}
 h - a potion of flight {unknown}
 j - a potion of brilliance {unknown}
 k - a potion of heal wounds {unknown}


   Skills:
 + Level 5.0 Fighting
 + Level 4.9 Polearms
 + Level 3.0 Armour
 - Level 3.4 Dodging
 + Level 3.0 Stealth
 * Level 1.9 Invocations


You had 5 spell levels left.
You didn't know any spells.
Your spell library was empty.

Dungeon Overview and Level Annotations

Branches:
Dungeon (4/15)             Temple (1/1) D:4

Altars:
Elyvilon
Wu Jian
The Shining One

Annotations:
D:4 Robin


Innate Abilities, Weirdness & Mutations

You have a pair of horns on your head.
You reflexively headbutt those who attack you in melee.


Message History

* * * LOW HITPOINT WARNING * * *
Found a staircase to the Ecumenical Temple.
The goblin shoots a sling bullet.
The sling bullet barely misses you.
You see here 8 gold pieces.
The phantom attacks as you move away! The phantom hits you.
* * * LOW HITPOINT WARNING * * *
The phantom attacks as you move away! The phantom barely misses you.
There is a staircase to the Ecumenical Temple here.
You can't go up here!
The phantom misses you.
You climb downwards.
Welcome to the Ecumenical Temple!
Found an ornate altar of the Wu Jian Council.
There is a staircase back to the Dungeon here.
You hit the phantom.
The phantom is lightly damaged.
The phantom completely misses you.
You closely miss the phantom.
The phantom is lightly damaged.
You hit the phantom.
The phantom is lightly damaged.
The phantom hits you.
* * * LOW HITPOINT WARNING * * *
The phantom blinks!
You blink.
You hit the phantom but do no damage.
The phantom is lightly damaged.
The phantom hits you.
* * * LOW HITPOINT WARNING * * *
The phantom blinks!
You blink.
The phantom barely misses you.
You hit the phantom.
The phantom is moderately damaged.
The phantom hits you.
* * * LOW HITPOINT WARNING * * *
You closely miss the phantom.
The phantom is moderately damaged.
The phantom barely misses you.
You closely miss the phantom. You headbutt the phantom.
The phantom is moderately damaged.
The phantom hits you.
You die...

... ._..
....#
....##
#...#####
#......#
#....@#
#..<.W#
#.....#
#.....#
#######


You could see a phantom.

Vanquished Creatures
  An ice beast (D:3)
  A scorpion (D:4)
  An iguana (D:3)
  An orc wizard (D:4)
  2 adders (D:3)
  A worm (D:3)
  A dart slug (D:4)
  9 orcs
  3 endoplasms
  3 giant cockroaches
  7 goblins
  2 hobgoblins
  6 jackals (D:3)
  8 kobolds
  3 quokkas
  4 ball pythons
  4 bats
57 creatures vanquished.

Notes
Turn   | Place    | Note
-------+----------+-------------------------------------------
     0 | D:1      | Anon1729 the Minotaur Monk began the quest for the Orb.
     0 | D:1      | Reached XP level 1. HP: 19/19 MP: 0/0
   252 | D:1      | Reached XP level 2. HP: 26/27 MP: 1/1
   780 | D:2      | You fall into a shaft and drop 1 floor!
   785 | D:3      | Reached skill level 4 in Fighting
   803 | D:3      | Reached skill level 1 in Armour
   803 | D:3      | Reached XP level 3. HP: 30/33 MP: 2/2
   864 | D:3      | Found a faded altar of an unknown god.
   915 | D:3      | Prayed at the altar of an unknown god.
   915 | D:3      | Became a worshipper of Elyvilon the Healer
   915 | D:3      | Reached * piety under Elyvilon
   915 | D:3      | Reached ** piety under Elyvilon
   995 | D:3      | Noticed an ice beast
  1014 | D:3      | Killed an ice beast
  1015 | D:3      | Reached XP level 4. HP: 14/41 MP: 3/3
  1277 | D:3      | Reached *** piety under Elyvilon
  1309 | D:3      | Reached XP level 5. HP: 43/47 MP: 4/4
  1631 | D:3      | Found a glowing golden altar of the Shining One.
  1704 | D:3      | Reached skill level 1 in Invocations
  1995 | D:4      | Noticed a phantom
  2009 | D:4      | Reached skill level 5 in Fighting
  2577 | D:4      | Reached XP level 6. HP: 56/56 MP: 6/6
  2599 | D:4      | Noticed Robin
  2666 | D:4      | Found a staircase to the Ecumenical Temple.
  2674 | Temple   | Entered the Ecumenical Temple
  2683 | Temple   | HP: 1/56 [phantom (2)]
  2685 | Temple   | Slain by a phantom

Illustrated notes

Levels and vault maps discovered:
D:1:      ncdulo_halloftheorcs, layout_basic
D:2:      layout_rooms
D:3:      layout_basic, tso_oasis_becter, hellmonk_ecumenical_altar_arch_garden
D:4:      layout_layer_cave, minmay_temple_entry_ruins, uniq_robin
Temple:   minmay_crystal_spiral_temple

Skill      XL: |  1  2  3  4  5  6 |
---------------+-------------------+-----
Fighting       | 4 5 |  5.0
Stealth        | 2 3 |  3.0
Polearms       | 4 |  4.9
Armour         | 1 2 3 |  3.0
Invocations    | 1 |  1.9
Dodging        | |  3.4

Action                   |  1- 3 |  4- 6 || total
-------------------------+-------+-------++-------
Melee: Spear             |    83 |    98 ||   181
       Headbutt          |    16 |    16 ||    32
       Punch             |     1 |     1 ||     2
Invok: Heal Other        |       |     3 ||     3
       Heal Self         |       |     1 ||     1
  Use: Potion            |       |     1 ||     1
 Stab: Sleeping          |     2 |       ||     2
Armor: Robe              |     2 |       ||     2
       Scale mail        |    21 |    43 ||    64
Dodge: Dodged            |    31 |    65 ||    96

Table legend: (Time is in decaauts)
 A = Elapsed time spent in this place.
 B = Non-inter-level travel time spent in this place.
 C = Inter-level travel time spent in this place.
 D = Time resting spent in this place.
 E = Time spent auto-exploring this place.
 F = Levels seen in this place.
 G = Mean time per level.
                   A        B        C        D        E       F      G
               +--------+--------+--------+--------+--------+-----+--------+
         Total |   2662 |   2608 |     54 |     55 |   2137 |   5 |  532.4 |
       Dungeon |   2652 |   2598 |     54 |     55 |   2137 |   4 |  663.0 |
        Temple |      9 |      9 |      0 |      0 |      0 |   1 |    9.0 |
               +--------+--------+--------+--------+--------+-----+--------+

Top non-repeatable levels by time:
     D:3: 1162 daAuts
     D:1: 771 daAuts
     D:4: 712 daAuts
  Temple: 9 daAuts
     D:2: 5 daAuts
